 Dungeon Crawl Stone Soup version 0.27-a0-1140-g099f9bb0e8 (webtiles) character file.

Game seed: 13214356199498445224

33 HoaS the Bolt Thrower (level 3, -2/21 HPs)
             Began as a Tengu Hunter on May 9, 2021.
             Slain by a worm (7 damage)
             ... on level 1 of the Dungeon.
             The game lasted 00:03:53 (1380 turns).

HoaS the Bolt Thrower (Tengu Hunter)                Turns: 1380, Time: 00:03:53

Health: -2/21      AC:  6    Str: 13    XL:     3   Next: 29%
Magic:  4/4        EV:  9    Int: 11    God:
Gold:   56         SH:  0    Dex: 14    Spells: 2/2 levels left

rFire    + . .     SeeInvis .   k - +0 rapier
rCold    + . .     Faith    .   (no shield)
rNeg     . . .     Spirit   .   j - +0 scale mail
rPois    .         Reflect  .   (helmet restricted)
rElec    .         Harm     .   i - scarf {rC+ rF+}
rCorr    .         Rampage  .   (no gloves)
Will     .....                  (boots unavailable)
Stlth    ..........             (no amulet)
HPRegen  0.07/turn              (no ring)
MPRegen  0.09/turn              (no ring)

@: no status effects
A: beak, talons 3
a: no special abilities


You were on level 1 of the Dungeon.
You visited 1 branch of the dungeon, and saw 2 of its levels.

You collected 56 gold pieces.

Inventory:

Hand Weapons
 a - a +1 hand crossbow
 k - a +0 rapier (weapon)
Missiles
 d - 20 bolts
Armour
 e - a +0 cloak
 i - a scarf of resistance (worn)
 j - a +0 scale mail (worn)
Potions
 c - a potion of invisibility {unknown}
 g - a potion of brilliance {unknown}


   Skills:
 - Level 2.0 Fighting
 + Level 2.1 Short Blades
 + Level 5.0 Crossbows
 - Level 2.1 Dodging
 - Level 1.0 Stealth


You had 2 spell levels left.
You didn't know any spells.
Your spell library was empty.

Dungeon Overview and Level Annotations

Branches:
Dungeon (2/15)

Altars:

Shops:
D:1 *

Annotations:
D:2 Natasha


Innate Abilities, Weirdness & Mutations

You have a beak for a mouth.
You have claws for feet.


Message History

Natasha stares at you and mumbles some strange words.
You resist with significant effort.
The kobold hits you with a +0 short sword.
There is a stone staircase leading up here.
The kobold barely misses you. Natasha claws you.
You climb upwards.
There is a stone staircase leading down here.
You are too injured to fight recklessly!
You are too injured to fight recklessly!
You are too injured to fight recklessly!
The kobold closely misses you.
You hit the kobold.
You kill the kobold!
You now have 56 gold pieces (gained 16).
You see here a +0 short sword.
There is a stone staircase leading down here.
You start resting.
HP restored.
You climb downwards.
Level annotation: Natasha
There is a stone staircase leading up, spattered with blood here.
Natasha stares at you and mumbles some strange words.
The magic dart hits you!
You climb upwards.
There is a stone staircase leading down here.
You hit the worm. You claw the worm, but do no damage.
Your peck misses the worm.
The worm is moderately wounded.
The worm closely misses you.
Your scale mail prevents you from hitting the worm.
Your kick misses the worm.
The worm is lightly wounded.
The worm bites you!
* * * LOW HITPOINT WARNING * * *
You hit the worm.
The worm is moderately wounded.
You hit the worm.
The worm is heavily wounded.
The worm bites you!
You die...

########### #.........#
#....)....#
#.........########
'..............w@#
#..........#####.#
##########.#####.# ##
#.##....# .#
#.##.####### .##
######..........## ..#
#.......'######..##
#.###.......#.....##..##
#..##.......#))...#.#..#


You could see a worm.

Vanquished Creatures
  4 endoplasms (D:1)
  3 goblins (D:1)
  2 hobgoblins (D:1)
  3 jackals (D:1)
  4 kobolds (D:1)
  2 quokkas (D:1)
  4 ball pythons (D:1)
  2 bats (D:1)
  3 frilled lizards (D:1)
  3 rats (D:1)
30 creatures vanquished.

Notes
Turn   | Place    | Note
-------+----------+-------------------------------------------
     0 | D:1      | HoaS the Tengu Hunter began the quest for the Orb.
     0 | D:1      | Reached XP level 1. HP: 12/12 MP: 2/2
   206 | D:1      | Reached skill level 1 in Short Blades
   211 | D:1      | Reached XP level 2. HP: 11/17 MP: 3/3
   518 | D:1      | Found Nanoaqeu's General Store.
   883 | D:1      | Reached XP level 3. HP: 21/21 MP: 4/4
   991 | D:1      | Reached skill level 5 in Crossbows
  1158 | D:2      | Noticed Natasha
  1380 | D:1      | Slain by a worm

Illustrated notes

Levels and vault maps discovered:
D:1:      dpeg_arrival_solitude, layout_basic, serial_shops, shop,
          minmay_3d_cube
D:2:      layout_rooms, ebering_ecumenical_altar_abandoned, uniq_natasha

Skill      XL: |  1  2  3 |
---------------+----------+-----
Short Blades   | 1 2 |  2.1
Crossbows      | 5 |  5.0
Fighting       | |  2.0
Dodging        | |  2.1
Stealth        | |  1.0

Action                   || total
-------------------------++-------
Melee: Short sword       ||    58
       Peck              ||     9
       Kick              ||    18
       Rapier            ||    12
  Use: Scroll            ||     2
 Stab: Sleeping          ||     1
Armor: Leather armour    ||     8
       Scale mail        ||    26
Dodge: Dodged            ||    35

Table legend: (Time is in decaauts)
 A = Elapsed time spent in this place.
 B = Non-inter-level travel time spent in this place.
 C = Inter-level travel time spent in this place.
 D = Time resting spent in this place.
 E = Time spent auto-exploring this place.
 F = Levels seen in this place.
 G = Mean time per level.
                   A        B        C        D        E       F      G
               +--------+--------+--------+--------+--------+-----+--------+
         Total |   1383 |   1369 |     14 |    638 |    490 |   2 |  691.5 |
       Dungeon |   1383 |   1369 |     14 |    638 |    490 |   2 |  691.5 |
               +--------+--------+--------+--------+--------+-----+--------+

Top non-repeatable levels by time:
     D:1: 1368 daAuts
     D:2: 15 daAuts
